 Dungeon Crawl Stone Soup version 0.29-a0-919-gd064cfad1c (webtiles) character file.

Game seed: 14824674065399561348

6951 Rassilon the Fighter (level 11, -10/101 HPs)
             Began as a Meteoran Cinder Acolyte on July 26, 2022.
             Was a Believer of Ignis.
             Mangled by a yak (11 damage)
             ... on level 9 of the Dungeon.
             The game lasted 00:35:04 (5646 turns).

Rassilon the Fighter (Meteoran Cinder Acolyte)      Turns: 5646, Time: 00:35:06

Health: -10/101    AC: 18    Str: 11 (14) XL:     11   Next: 52%
Magic:  17/17      EV: 13    Int: 22 (24) God:    Ignis [**....]
Gold:   515        SH:  5    Dex:  7 (10) Spells: 15/17 levels left

rFire   + . .      SeeInvis .   v - +6 quarterstaff of Ymnaiv {flame, rPois rN+ Str-5 Int+7}
rCold   . . .      Faith    .   (shield currently unavailable)
rNeg    + + .      Spirit   .   B - +1 leather armour of Hymys {rElec rN+}
rPois   +          Reflect  +   o - +0 helmet
rElec   +          Harm     .   g - +0 cloak
rCorr   .          Rampage  .   c - +0 pair of gloves
Will    ++...                   (no boots)
Stlth   +.........              H - amulet of reflection
HPRegen 0.26/turn               (no ring)
MPRegen 0.15/turn               (no ring)

@: attractive, fiery-armoured, glowing
A: sense surroundings 2, otherworldly, glowing, explore regen, fangs 1,
iridescent scales 2, strong-willed 1
a: Renounce Religion, Fiery Armour, Foxfire Swarm, Rising Flame


You were on level 9 of the Dungeon.
You worshipped Ignis.
Ignis was pleased with you.
You visited 1 branch of the dungeon, and saw 10 of its levels.

You collected 571 gold pieces.
You spent 56 gold pieces at shops.

Inventory:

Hand Weapons
 m - a +2 short sword of electrocution
 t - a +1 flail of protection
 v - the +6 quarterstaff of Ymnaiv (weapon) {flame, rPois rN+ Str-5 Int+7}
   (You found it on level 4 of the Dungeon)

   It burns those it strikes, dealing additional fire damage.
   Str:       It affects your strength (-5).
   Int:       It affects your intelligence (+7).
   rPois:     It protects you from poison.
   rN:        It protects you from negative energy.
Armour
 c - a +0 pair of gloves (worn)
 g - a +0 cloak (worn)
 o - a +0 helmet (worn)
 B - the +1 leather armour of Hymys (worn) {rElec rN+}
   (You found it on level 6 of the Dungeon)

   rElec:     It insulates you from electricity.
   rN:        It protects you from negative energy.
Jewellery
 F - an amulet of regeneration
 H - an amulet of reflection (around neck)
Wands
 q - a wand of paralysis (13)
 s - a wand of roots (24)
 w - a wand of quicksilver (10)
 y - a wand of flame (15)
Scrolls
 a - a scroll of enchant weapon {unknown}
 d - 3 scrolls of acquirement {unknown}
 e - 4 scrolls of magic mapping {unknown}
 f - 2 scrolls of enchant armour {unknown}
 h - 9 scrolls of identify {unknown}
 j - 3 scrolls of immolation {unknown}
 k - 4 scrolls of fear {unknown}
 p - a scroll of teleportation {unknown}
 A - a scroll of poison {unknown}
 C - a scroll of blinking {unknown}
 D - a scroll of torment {unknown}
 E - a scroll of summoning {unknown}
 G - a scroll of fog {unknown}
Potions
 b - a potion of lignification
 i - a potion of invisibility
 l - 2 potions of mutation
 n - a potion of haste
 u - 2 potions of flight
 x - 2 potions of magic
 z - a potion of curing


   Skills:
 + Level 10.7 Fighting
 - Level 6.2(9.0) Polearms
 + Level 10.2(10.9) Staves
 + Level 10.4 Dodging
 + Level 1.8 Stealth
 + Level 3.5 Spellcasting
 + Level 5.0 Fire Magic


You had 15 spell levels left.
You knew the following spells:

 Your Spells              Type           Power      Damage    Failure   Level
a - Scorch                Fire           50%        2d7       3%          2

Your spell library contained the following spells:

 Spells                   Type           Power      Damage    Failure   Level
 Necrotise                Necr           12%        1d4       16%         1
 Ensorcelled Hibernation  Hex/Ice        6%         N/A       24%         2
 Passwall                 Tmut/Erth      2%         N/A       24%         2
 Swiftness                Air            3%         N/A       43%         3
 Vampiric Draining        Necr           3%         2d6       43%         3
 Animate Dead             Necr           3%         N/A       83%         4
 Agony                    Necr           3%         N/A       99%         5
 Borgnjor's Vile Clutch   Necr/Erth      1%         N/A       99%         5
 Death Channel            Necr           1%         N/A       100%        6


Dungeon Overview and Level Annotations

Branches:
Dungeon (10/15) Zot: 401     Lair (0/5) D:10
 Temple: D:4-7          Orc: D:9-12

Altars:
Ashenzari
Okawaru
Wu Jian

Shops:
D:4 (   D:7 *

Annotations:
D:6 2 transporters


Innate Abilities, Weirdness & Mutations

You passively map the area around you.
You are easily found by Zot.
You glow in the dark.
You regain HP and MP as you explore.
You have very sharp teeth.
You are mostly covered in iridescent scales. (AC +4)
You are strong-willed. (Will+)


Message History

The water moccasin is severely wounded.
The foxfire hits the water moccasin.
The water moccasin is almost dead.
The foxfire hits the yak.
The yak is heavily wounded.
The foxfire hits the water moccasin.
The water moccasin is almost dead.
The foxfire hits the yak but does no damage.
The yak is lightly wounded.
The foxfire hits the yak.
The yak is severely wounded.
The foxfire hits the yak but does no damage.
The yak is severely wounded.
The foxfire hits the yak.
The yak is severely wounded.
The water moccasin barely misses you.
The water moccasin completely misses you.
You sock the water moccasin! You burn the water moccasin.
You kill the water moccasin!
The water moccasin bites you but does no damage.
The water moccasin is burned by your cloak of flames.
The water moccasin is severely wounded.
The yak gores you but does no damage.
The yak is burned by your cloak of flames.
The yak is heavily wounded.
The yak gores you but does no damage.
The yak is burned by your cloak of flames.
The yak is severely wounded.
The yak gores you but does no damage.
The yak is burned by your cloak of flames.
The yak is moderately wounded.
Your Fire Magic skill increases to level 5!
You sock the water moccasin! You burn the water moccasin.
You kill the water moccasin!
The yak gores you.
* * * LOW HITPOINT WARNING * * *
The yak is burned by your cloak of flames.
The yak is almost dead.
The yak gores you!
You die...

######### ########
######## #.......#
.......# #......#
#.......# .......#
#.....§# #.......#
.......#
#..YY..######.......#
.......#
####...@Y.....##.......#
.......#
........†.###..'.......#
.......##.###....§§#
####.......# .........
#.....)# #####'###
.......#** #####.## #.#
#.###### ##.# #.# #...#
#<(# #.# ###÷#######
#)## #.# #........#
###)##### #.#


You could see 3 yaks.

Vanquished Creatures
  3 two-headed ogres
  Psyche (D:8)
  A troll (D:9)
  A yak (D:9)
  A steam dragon (D:8)
  5 wyverns
  Grum (D:8)
  Edmund (D:3)
  5 water moccasins
  2 orc warriors
  3 black bears
  2 ice beasts
  2 ogres
  2 centaurs
  3 wolves (D:8)
  4 kobold brigands
  A necrophage (D:6)
  4 bullfrogs
  2 scorpions
  7 wights (D:7)
  3 killer bees (D:9)
  5 hounds
  A jelly (D:5)
  4 orc priests
  Ijyb (D:4)
  3 orc wizards
  4 gnolls (D:5)
  5 adders
  2 shadow imps
  2 white imps (D:7)
  An ufetubus (D:5)
  3 worms
  2 dart slugs (D:1)
  30 orcs
  4 bats
  5 endoplasms
  3 giant cockroaches
  5 goblins
  4 hobgoblins
  5 jackals (D:5)
  26 kobolds
  3 quokkas
  6 ball pythons
  3 frilled lizards
  3 rats
184 creatures vanquished.

Vanquished Creatures (others)
  An orc wizard (D:8)
  39 foxfires (D:9)
  2 fungi (D:10)
  8 plants (D:10)
50 creatures vanquished.

Grand Total: 234 creatures vanquished

Notes
Turn   | Place    | Note
-------+----------+-------------------------------------------
     0 | D:1      | Rassilon the Meteoran Cinder Acolyte began the quest for
                  | the Orb.
     0 | D:1      | Reached XP level 1. HP: 19/19 MP: 3/3
   193 | D:1      | Reached XP level 2. HP: 22/26 MP: 5/5
   504 | D:1      | Glimpsed the power of Zot.
   554 | D:1      | Glimpsed the power of Zot.
   575 | D:2      | Reached XP level 3. HP: 30/31 MP: 6/6
   595 | D:2      | Found a faded altar of an unknown god.
   942 | D:2      | Reached XP level 4. HP: 32/40 MP: 7/7
  1113 | D:2      | Glimpsed the power of Zot.
  1163 | D:2      | Glimpsed the power of Zot.
  1203 | D:2      | Glimpsed the power of Zot.
  1306 | D:3      | Reached skill level 5 in Polearms
  1421 | D:3      | Found a broken altar of Ashenzari.
  1624 | D:3      | Found an ornate altar of the Wu Jian Council.
  1653 | D:4      | Noticed Edmund
  1653 | D:4      | Noticed a scorpion
  1663 | D:3      | Killed Edmund
  1664 | D:3      | Reached XP level 5. HP: 24/47 MP: 8/8
  1664 | D:3      | Reached XP level 6. HP: 27/53 MP: 9/9
  1781 | D:4      | Reached skill level 5 in Fighting
  1781 | D:4      | Reached skill level 1 in Dodging
  1938 | D:4      | Identified the +6 quarterstaff of Ymnaiv {flame, rPois rN+
                  | Str-5 Int+7}
  2019 | D:4      | Reached XP level 7. HP: 61/61 MP: 10/10
  2047 | D:4      | Reached skill level 1 in Staves
  2288 | D:4      | Noticed Ijyb
  2301 | D:4      | Killed Ijyb
  2304 | D:4      | Glimpsed the power of Zot.
  2335 | D:5      | Entered Level 5 of the Dungeon
  2354 | D:5      | Reached XP level 8. HP: 67/70 MP: 11/11
  2555 | D:5      | Reached skill level 5 in Dodging
  2626 | D:4      | Found Juxuxise's Weapon Boutique.
  2902 | D:5      | Glimpsed the power of Zot.
  2952 | D:5      | Glimpsed the power of Zot.
  3012 | D:6      | Reached skill level 5 in Staves
  3012 | D:6      | Gained mutation: You passively map the area around you.
                  | [Meteoran growth]
  3012 | D:6      | Reached XP level 9. HP: 66/79 MP: 12/12
  3017 | D:6      | Found a transporter.
  3019 | D:6      | Found a transporter.
  3063 | D:6      | Identified the +1 leather armour of Hymys {rElec rN+}
  3503 | D:6      | Glimpsed the power of Zot.
  3553 | D:6      | Glimpsed the power of Zot.
  3578 | D:7      | Learned a level 2 spell: Scorch
  3606 | D:7      | Found Icaynia's General Store.
  3624 | D:7      | Bought a potion of flight for 42 gold pieces
  3624 | D:7      | Bought a scroll of noise for 14 gold pieces
  3627 | D:7      | HP: 4/120 [wight/+4 halberd (10)]
  4107 | D:7      | Glimpsed the power of Zot.
  4157 | D:7      | Glimpsed the power of Zot.
  4211 | D:8      | Noticed Psyche
  4218 | D:8      | Killed Psyche
  4219 | D:8      | Reached XP level 10. HP: 86/90 MP: 10/13
  4226 | D:8      | Identified the +6 ring mail "Afovvits" {Slay+4}
  4280 | D:8      | Noticed a two-headed ogre
  4299 | D:8      | Gained mutation: Your body sometimes deteriorates upon
                  | taking damage. [potion of mutation]
  4299 | D:8      | Gained mutation: You have very sharp teeth. [potion of
                  | mutation]
  4299 | D:8      | Gained mutation: Your system is resistant to poisons.
                  | (rPois) [potion of mutation]
  4308 | D:8      | Killed a two-headed ogre
  4621 | D:8      | Noticed Grum
  4656 | D:8      | Killed Grum
  4733 | D:8      | Glimpsed the power of Zot.
  4772 | D:8      | Reached skill level 10 in Fighting
  4784 | D:8      | Glimpsed the power of Zot.
  4838 | D:9      | Noticed a two-headed ogre
  4849 | D:9      | Killed a two-headed ogre
  4850 | D:9      | Reached XP level 11. HP: 22/100 MP: 10/14
  4850 | D:9      | Lost mutation: Your body sometimes deteriorates upon taking
                  | damage. [potion of mutation]
  4850 | D:9      | Lost mutation: Your system is resistant to poisons. (rPois)
                  | [potion of mutation]
  4850 | D:9      | Gained mutation: You are partially covered in iridescent
                  | scales. (AC +2) [potion of mutation]
  4850 | D:9      | Gained mutation: You are mostly covered in iridescent
                  | scales. (AC +4) [potion of mutation]
  4850 | D:9      | Gained mutation: You are strong-willed. (Will+) [potion of
                  | mutation]
  4907 | D:9      | Found an iron altar of Okawaru.
  5008 | D:9      | Reached skill level 10 in Dodging
  5344 | D:9      | Glimpsed the power of Zot.
  5381 | D:10     | Entered Level 10 of the Dungeon
  5381 | D:10     | Noticed a two-headed ogre
  5388 | D:10     | Killed a two-headed ogre
  5389 | D:10     | Reached skill level 10 in Staves
  5389 | D:10     | Reached skill level 1 in Stealth
  5471 | D:10     | Found a staircase to the Lair.
  5646 | D:9      | Reached skill level 5 in Fire Magic
  5646 | D:9      | HP: 1/101 [yak (6)]
  5646 | D:9      | Mangled by a yak

Illustrated notes

Levels and vault maps discovered:
D:1:      matt_arrival_diagonals, layout_basic
D:2:      layout_loops_ring, ebering_ecumenical_altar_mist,
          chequers_decorated_corner
D:3:      layout_rooms, marbit_many_paths, ashenzari_conservatory_becter
D:4:      black_bear_nest_2, layout_gridville, serial_shops, shop, uniq_ijyb,
          uniq_edmund
D:5:      minmay_angry_zag, layout_loops_ring, minitemple,
          lemuel_mausoleum_altar_yredelemnul
D:6:      layout_loops_cross, led_sif_pool, gammafunk_ghost_abyssal_escape,
          st_stairs_12
D:7:      layout_rooms, overflow_temple_1_default,
          minmay_temple_entry_gardened_gates, serial_shops, shop_statue,
          hangedman_decor_diamond_cutter
D:8:      layout_basic, uniq_psyche, uniq_grum
D:9:      layout_roguey, okawaru_gym_becter
D:10:     layout_basic, minmay_lair_entry_grove, serial_shops,
          nicolae_take_the_stairs

Skill      XL: |  1  2  3  4  5  6  7  8  9 10 11 |
---------------+----------------------------------+-----
Polearms       | 4 6 |  6.2
Fire Magic     | 4 5 |  5.0
Fighting       | 4 5 7 8 10 | 10.7
Dodging        | 2 3 5 7 9 10 | 10.4
Staves         | 2 5 7 9 10 | 10.2
Spellcasting   | 3 |  3.5
Stealth        | 1 |  1.8

Action                   |  1- 3 |  4- 6 |  7- 9 | 10-12 || total
-------------------------+-------+-------+-------+-------++-------
Melee: Spear             |   112 |    31 |       |       ||   143
       Punch             |     4 |     2 |       |       ||     6
       Short sword       |       |    78 |       |       ||    78
       Quarterstaff      |       |    12 |   179 |   132 ||   323
       Unarmed           |       |       |     2 |     1 ||     3
       Bite              |       |       |       |    10 ||    10
 Cast: Scorch            |       |       |    15 |    44 ||    59
Invok: Fiery Armour      |       |     1 |     2 |     3 ||     6
       Foxfire Swarm     |       |       |       |     2 ||     2
Evoke: Wand              |       |       |     1 |       ||     1
  Use: Potion            |       |       |     2 |     9 ||    11
Armor: Robe              |    45 |    12 |       |       ||    57
       Leather armour    |       |     3 |    32 |    71 ||   106
       Scale mail        |       |    56 |    61 |       ||   117
       Skin              |       |       |    14 |     4 ||    18
Dodge: Dodged            |    45 |    42 |    79 |   114 ||   280
Block: Other             |       |       |       |    14 ||    14

Table legend: (Time is in decaauts)
 A = Elapsed time spent in this place.
 B = Non-inter-level travel time spent in this place.
 C = Inter-level travel time spent in this place.
 D = Time resting spent in this place.
 E = Time spent auto-exploring this place.
 F = Levels seen in this place.
 G = Mean time per level.
                   A        B        C        D        E       F      G
               +--------+--------+--------+--------+--------+-----+--------+
         Total |   5597 |   5444 |    153 |   1263 |   2300 |  10 |  559.7 |
       Dungeon |   5597 |   5444 |    153 |   1263 |   2300 |  10 |  559.7 |
               +--------+--------+--------+--------+--------+-----+--------+

Top non-repeatable levels by time:
     D:9: 726 daAuts
     D:4: 665 daAuts
     D:7: 617 daAuts
     D:1: 614 daAuts
     D:8: 585 daAuts
     D:6: 578 daAuts
     D:2: 577 daAuts
     D:3: 573 daAuts
     D:5: 554 daAuts
    D:10: 104 daAuts
